[Event "*** Titled Tuesday Blitz"]
[Site "Chess.com"]
[Date "2018.06.05"]
[Round "8"]
[White "Rakhmanov_Aleksandr"]
[Black "Micki-taryan"]
[Result "0-1"]
[WhiteElo "2714"]
[BlackElo "2833"]
[TimeControl "180+2"]
[EndTime "14:56:08 PDT"]
[Termination "Micki-taryan won by checkmate"]

1. c4 Nf6 2. Nc3 e5 3. Nf3 Nc6 4. e3 Bb4 5. Nd5 Be7 6. Qc2 O-O 7. a3 d6 8. Bd3 g6 9. h4 Ng4 10. b4 f5 11. b5 Nb8 12. Nh2 Nxh2 13. Nxe7+ Qxe7 14. Rxh2 Be6 15. Bb2 Nd7 16. Be2 f4 17. Bd3 Bf5 18.
Bxf5 Rxf5 19. O-O-O a6 20. g4 fxg3 21. fxg3 axb5 22. cxb5 Nc5 23. g4 Rf7 24. g5 Qe6 25.
h5 gxh5 26. Rxh5 Qg6 27. Qxg6+ hxg6 28. Rh6 Rf2 29. Rdh1 Kf7 30. Rh7+ Ke6 31. Rxc7 Nb3+ 32. Kb1 Nxd2+ 33. Ka2 Ne4 34. Rh6 Kd5 35. Rxg6 b6 36.
Rc1 Ra5 37. Rd1+ Kc4 38. Rc1+ Kd5 39. Rd1+ Kc4 40. Rc1+ Kd3 41. Rd1+ Ke2 42. Rd5 Kxe3 43. Kb3 Nc5+ 44. Ka2 Rxb5 45. Rgxd6 Rbxb2+ 46. Ka1 Nb3# 0-1

[Event "*** Titled Tuesday Blitz"]
[Site "Chess.com"]
[Date "2018.06.05"]
[Round "8"]
[White "Infernal_XaM"]
[Black "FairChess_on_YouTube"]
[Result "1-0"]
[WhiteElo "2765"]
[BlackElo "2946"]
[TimeControl "180+2"]
[EndTime "14:56:13 PDT"]
[Termination "Infernal_XaM won by resignation"]

1. d4 d5 2. Nf3 Nf6 3. e3 Bf5 4. c4 e6 5. Nc3 c6 6. Nh4 Bg6 7.
Nxg6 hxg6 8. Bd3 Nbd7 9. h3 Bd6 10. O-O O-O 11. a3 Re8 12. Bd2 e5 13. cxd5 Nxd5 14. Nxd5 cxd5 15. dxe5 Bxe5 16. Rb1 Nc5 17. Bb5 Re6 18.
Bb4 Ne4 19. Bd3 a5 20. Bxe4 dxe4 21. Qxd8+ Rxd8 22. Bxa5 Rd3 23. Rfc1 f5 24. Kf1 Rb3 25. Bc3 Bxc3 26. Rxc3 Reb6 27. Rxb3 Rxb3 28. Ke2 g5 29.
Kd2 f4 30. Kc2 Rb6 31. exf4 gxf4 32. Re1 Rc6+ 33. Kb3 Re6 34. Re2 Kf7 35. Kc4 Kf6 36.
Kd5 Kf5 37. g4+ fxg3 38. fxg3 Re8 39. Rf2+ Kg5 40. Kd4 Rh8 41. Kxe4 Rxh3 42. Rf7 g6 43.
Kf3 Rh1 44. Rxb7 Rf1+ 45. Kg2 Rc1 46. Rb4 Kf5 47. Kf3 Rf1+ 48. Ke2 Rg1 49. Kf2 Rc1 50.
a4 g5 51. g4+ Ke5 52. Ke3 Re1+ 53. Kd3 Ra1 54. Kc4 Rd1 55. Kb5 Rd5+ 56. Ka6 Rd6+ 57. Ka5 Rd2 58. Kb6 Rd6+ 59. Kc7 Rf6 60. a5 Rf4 61. Rb5+ Kf6 62. a6 Rxg4 63. a7 Ra4 64. Kb7 g4 65. a8=Q Rxa8 66. Kxa8 1-0

[Event "*** Titled Tuesday Blitz"]
[Site "Chess.com"]
[Date "2018.06.05"]
[Round "8"]
[White "RDMGUY01"]
[Black "AlexTruskavetsky"]
[Result "1-0"]
[WhiteElo "2379"]
[BlackElo "2279"]
[TimeControl "180+2"]
[EndTime "14:56:13 PDT"]
[Termination "RDMGUY01 won on time"]

1. d4 Nf6 2. c4 g6 3. Nc3 d5 4. cxd5 Nxd5 5. e4 Nxc3 6. bxc3 Bg7 7. Bc4 O-O 8. Ne2 c5 9. O-O Nc6 10. Be3 Qc7 11. Rc1 b6 12. Qa4 Bd7 13. Qa3 Na5 14. Bd3 e5 15. dxc5 Rfc8 16. Ba6 Rd8 17. cxb6 axb6 18. Qb2 Rxa6 19. Bg5 Rda8 20. Rfd1 Nc4 21.
Qb3 Be6 22. Qb1 Rxa2 23. Ng3 Bf8 24. h4 Rb2 25. Qd3 Bc5 26. Rc2 Rb3 27. Bh6 Nb2 28. Qf3 Nxd1 29. Qf6 Bf8 30. Bxf8 Kxf8 31. Qh8+ Ke7 32.
Qxa8 Nxc3 33. Kh2 b5 34. h5 b4 35. Rd2 Ra3 36. Qh8 b3 37. Qxh7 Ra2 38. Rd3 b2 39.
hxg6 b1=Q 40. Nf5+ Kf6 41. Qh4+ 1-0

[Event "*** Titled Tuesday Blitz"]
[Site "Chess.com"]
[Date "2018.06.05"]
[Round "8"]
[White "Angulo07"]
[Black "51616516516"]
[Result "1-0"]
[WhiteElo "2420"]
[BlackElo "2292"]
[TimeControl "180+2"]
[EndTime "14:56:14 PDT"]
[Termination "Angulo07 won on time"]

1. d4 Nf6 2. Bg5 Ne4 3. Bf4 c5 4. f3 Qa5+ 5. c3 Nf6 6. Nd2 cxd4 7. Nc4 Qd8 8. Qxd4 d5 9. Ne5 Nc6 10. Nxc6 bxc6 11. e3 g6 12. Ne2 Bg7 13. Be5 O-O 14.
h4 h5 15. Kf2 Ne8 16. c4 Bxe5 17. Qxe5 dxc4 18. Nd4 Qd6 19. Qxd6 Nxd6 20. Nxc6 Bb7 21. Nxe7+ Kg7 22. Rd1 Rfd8 23. Be2 Rab8 24. Nd5 Nf5 25. Nc3 Ba6 26. b3 Rdc8 27. e4 Ne7 28. bxc4 Bxc4 29.
Rd2 Bxe2 30. Nxe2 Nc6 31. Rc1 Ne5 32. Rxc8 Rxc8 33. Kg3 Rb8 34. Nf4 Rb1 35. Rd5 Nc4 36.
Rd7 a5 37. Ne6+ Kf6 38. Ng5 Rb2 39. Rxf7+ Ke5 40. Rd7 Rxa2 41. f4+ 1-0

[Event "*** Titled Tuesday Blitz"]
[Site "Chess.com"]
[Date "2018.06.05"]
[Round "8"]
[White "blitzcopter"]
[Black "ChrisTool2"]
[Result "0-1"]
[WhiteElo "2098"]
[BlackElo "2266"]
[TimeControl "180+2"]
[EndTime "14:56:16 PDT"]
[Termination "ChrisTool2 won on time"]

1. e4 c5 2. Nc3 d6 3. g3 Nc6 4. Bg2 g6 5. d3 Bg7 6. Be3 e6 7. Qd2 Nge7 8. Bh6 O-O 9. h4 f5 10.
h5 Nd4 11. O-O-O Bd7 12. hxg6 hxg6 13. Bxg7 Kxg7 14. Qh6+ Kf7 15. exf5 Ndxf5 16. Qg5 Rh8 17. Nge2 Bc6 18. Bxc6 bxc6 19. Nf4 Qg8 20. g4 Nd4 21. Ne4 Qg7 22. Nxd6+ Kg8 23. Rxh8+ Kxh8 24. Qxe7 Ne2+ 25. Kb1 Nxf4 26. Rh1+ Kg8 27. Qh4 Rb8 28. Kc1 Qxb2+ 29. Kd2 Qb4+ 30. Ke3 Ng2+ 0-1

[Event "*** Titled Tuesday Blitz"]
[Site "Chess.com"]
[Date "2018.06.05"]
[Round "8"]
[White "Manukyan_Artak"]
[Black "TheCount"]
[Result "1-0"]
[WhiteElo "2360"]
[BlackElo "2530"]
[TimeControl "180+2"]
[EndTime "14:56:17 PDT"]
[Termination "Manukyan_Artak won on time"]

1. e4 c5 2. Nf3 Nc6 3. c3 Nf6 4. e5 Nd5 5. d4 cxd4 6. cxd4 d6 7. Nc3 e6 8. Bd3 Nxc3 9. bxc3 dxe5 10. dxe5 Qa5 11. O-O Be7 12. Bg5 Bxg5 13. Nxg5 Qxe5 14. Qh5 Qf6 15. Nxh7 Qh6 16. Qxh6 gxh6 17. Nf6+ Ke7 18.
Ne4 f5 19. Ng3 Ne5 20. Be2 Bd7 21. f4 Nf7 22. Rfe1 Rac8 23. Bf3 Nd6 24. Rac1 Rc4 25. Ne2 Rhc8 26. g3 b5 27. a3 Ra4 28. Ra1 a5 29.
Rec1 Rac4 30. Kf2 Bc6 31. Bxc6 R8xc6 32. Nd4 Ne4+ 33. Kg2 R6c5 34. Nb3 Rc7 35. Nxa5 Rxc3 36. Rxc3 Rxc3 37. Rb1 Rxa3 38. Rxb5 Ra2+ 39. Kg1 Nd2 40.
Nc6+ Kf6 41. Ne5 Ne4 42. Rb7 Ra1+ 43. Kg2 Ra2+ 44. Kh3 Ng5+ 45. fxg5+ Kxe5 46. gxh6 Ra8 47. Kh4 Kf6 48. Kh5 Rh8 49. h7 e5 50. Kh6 e4 51. h3 e3 52. Rb3 1-0

[Event "*** Titled Tuesday Blitz"]
[Site "Chess.com"]
[Date "2018.06.05"]
[Round "8"]
[White "Chiinaldo"]
[Black "Martins-BR"]
[Result "0-1"]
[WhiteElo "2185"]
[BlackElo "2313"]
[TimeControl "180+2"]
[EndTime "14:56:18 PDT"]
[Termination "Martins-BR won on time"]

1. d4 f5 2. Nf3 Nf6 3. g3 g6 4.
Bg2 Bg7 5. c4 O-O 6. O-O d6 7.
d5 Nbd7 8. Nd4 Ne5 9. b3 Bd7 10.
Bb2 c5 11. Ne6 Bxe6 12. dxe6 Nc6 13. Nd2 Qc8 14. Nf3 Qxe6 15. Ng5 Qd7 16. Bd5+ Kh8 17. Ne6 Rg8 18. Qd2 Nd8 19. Nxg7 Rxg7 20. Qg5 Nf7 21.
Qh4 g5 22. Qh3 Ne5 23. Rad1 Nxd5 24. Rxd5 Qe6 25. Kh1 g4 26. Qg2 Rb8 27. f4 gxf3 28. exf3 f4 29. Qf2 fxg3 30. hxg3 Qh6+ 31. Qh2 Qxh2+ 32.
Kxh2 Rf8 33. f4 Kg8 34. Rfd1 Ng4+ 35. Kh3 Rg6 36. f5 Nf2+ 37. Kg2 Nxd1 38. Rxd1 Rxf5 0-1

[Event "*** Titled Tuesday Blitz"]
[Site "Chess.com"]
[Date "2018.06.05"]
[Round "8"]
[White "petrpalachev"]
[Black "igorkovalenko"]
[Result "1-0"]
[WhiteElo "2730"]
[BlackElo "2834"]
[TimeControl "180+2"]
[EndTime "14:56:24 PDT"]
[Termination "petrpalachev won by resignation"]

1. d4 Nf6 2. c4 g6 3. Nf3 Bg7 4. g3 O-O 5. Bg2 d6 6. O-O Nc6 7. Nc3 a6 8. Bg5 Rb8 9. Rc1 h6 10. Bf4 Kh7 11. Qd2 b5 12. d5 Na5 13. cxb5 axb5 14.
b3 b4 15. Na4 Bd7 16. Ne1 e5 17. dxe6 fxe6 18. Nd3 e5 19. Be3 c5 20. Ndxc5 dxc5 21. Nxc5 Bf5 22. Qxd8 Rfxd8 23. Na6 Ng4 24. Nxb8 Nxe3 25.
fxe3 Rxb8 26. Rc7 h5 27. h3 Kh6 28. Rfc1 Bf8 29. Ra7 Rb5 30. Rcc7 Bc5 31. Rh7+ Kg5 32.
h4+ Kf6 33. Ra6+ Bb6 34. Kf2 e4 35. Rha7 Ke5 36. Rxb6 Rxb6 37. Rxa5+ Ke6 38. g4 hxg4 39.
Kg3 Kf6 40. Kf4 Re6 41. Rb5 Ra6 42. Rxb4 Rxa2 43. Bxe4 Bxe4 44. Rxe4 Rxe2 45. Kxg4 Rg2+ 46. Kf3 Rb2 47. Rf4+ Kg7 48. b4 Kh6 49. Kg3 Rb3 50.
Re4 Kh5 51. Re5+ Kh6 52. b5 Kg7 53. Kf4 Rb1 54. h5 gxh5 55. Rxh5 Kf6 56. Rh6+ Ke7 57. b6 Kd7 58. e4 Rb5 59. e5 Rb1 60. Rd6+ Ke7 61. Ke4 Rc1 62. Kd5 Rd1+ 63. Kc6 Re1 64.
Rd5 Ke6 65. Rc5 Rh1 66. b7 Rh8 67. Kc7 1-0

[Event "*** Titled Tuesday Blitz"]
[Site "Chess.com"]
[Date "2018.06.05"]
[Round "8"]
[White "gkchesstiger"]
[Black "Bryakin_Mikhail"]
[Result "1-0"]
[WhiteElo "2795"]
[BlackElo "2648"]
[TimeControl "180+2"]
[EndTime "14:56:26 PDT"]
[Termination "gkchesstiger won by resignation"]

1. d4 d5 2. Nf3 Nf6 3. Bf4 c5 4. e3 Nc6 5. Nbd2 cxd4 6. exd4 Bg4 7. c3 Bxf3 8. Nxf3 Qb6 9. Qb3 e6 10. Bd3 Be7 11. O-O O-O 12. Rfe1 Rfc8 13. h4 Na5 14. Qc2 Nc4 15. Re2 a5 16. a4 h6 17. Rf1 Bd6 18. Bc1 Bc7 19. g3 Nd6 20. Kg2 Nde4 21. Ne5 Nd6 22. f3 Nc4 23. Bxc4 dxc4 24. Nxc4 Qc6 25.
Ne5 Bxe5 26. Rxe5 Rab8 27. Rxa5 Nd5 28. Rc5 Qa6 29. Rxc8+ Rxc8 30. Rf2 Qc4 31. Qd1 Ra8 32. h5 Qxa4 33. Qxa4 Rxa4 34. g4 b5 35. Rf1 Ra2 36.
Kg3 Kf8 37. Re1 Ke7 38. f4 Kd7 39. f5 Ra1 40. fxe6+ fxe6 41. Kf3 Nf6 42. Bd2 Ra2 43. Rb1 Nd5 44. g5 hxg5 45. Bxg5 Nb6 46. Bf4 Ke7 47. Rg1 Rxb2 48. Rxg7+ Kf8 49. h6 Nc4 50. Bg5 Rh2 51. Be7+ Ke8 52. h7 Nd2+ 53. Kf4 Kd7 54. Bh4+ 1-0

[Event "*** Titled Tuesday Blitz"]
[Site "Chess.com"]
[Date "2018.06.05"]
[Round "8"]
[White "NDePinEsPeRG"]
[Black "cukus"]
[Result "1-0"]
[WhiteElo "2635"]
[BlackElo "2407"]
[TimeControl "180+2"]
[EndTime "14:56:26 PDT"]
[Termination "NDePinEsPeRG won by resignation"]

1. d4 Nf6 2. Bf4 d5 3. e3 c5 4. c3 Nc6 5. Nd2 Bf5 6. Ngf3 Qb6 7. Nh4 Bd7 8. Qb3 c4 9. Qc2 Nh5 10. Bg3 Nxg3 11. hxg3 e6 12. b3 cxb3 13. axb3 Be7 14. e4 Rc8 15. Qd3 dxe4 16. Qxe4 Qc7 17. Bd3 g6 18.
Nhf3 Bf6 19. Qe3 Ne7 20. c4 a6 21. g4 Bg7 22. O-O O-O 23. Rad1 Nc6 24. g5 e5 25. d5 Nb4 26. Bb1 Qc5 27. Qe2 Bf5 28. Bxf5 gxf5 29.
Nh4 Qe7 30. Nxf5 Qxg5 31. Qf3 Kh8 32. Ne4 Qf4 33. Qxf4 exf4 34. Rd2 a5 35. d6 Na6 36. d7 Rcd8 37. Rfd1 Nc7 38. Nc5 Ne6 39. Nxb7 Rb8 40. d8=Q Nxd8 41. Nxd8 Rxb3 42. Rd7 a4 43. Nxg7 Kxg7 44.
Ne6+ 1-0

[Event "*** Titled Tuesday Blitz"]
[Site "Chess.com"]
[Date "2018.06.05"]
[Round "8"]
[White "gpeloui"]
[Black "FearNoEvil12"]
[Result "1-0"]
[WhiteElo "2302"]
[BlackElo "1942"]
[TimeControl "180+2"]
[EndTime "14:56:26 PDT"]
[Termination "gpeloui won by resignation"]

1. b3 d5 2. Bb2 Nc6 3. Nf3 Nf6 4. e3 Bg4 5. Bb5 e6 6. h3 Bxf3 7. Qxf3 Be7 8. d3 O-O 9. Bxc6 bxc6 10. Nd2 c5 11. e4 d4 12. O-O Nd7 13. Nc4 Bd6 14.
Qe2 Qg5 15. Bc1 Qg6 16. f4 f5 17. e5 Be7 18. Qf3 Nb6 19. Qc6 Nd5 20. Ba3 Rae8 21. Bxc5 Bxc5 22. Qxc5 Qh6 23. Qxd4 Rd8 24. Qxa7 Nxf4 25.
Qe3 g5 26. a4 Nd5 27. Qd2 Rd7 28. a5 Rg7 29. a6 f4 30. a7 Ra8 31. Qe2 g4 32. hxg4 Qh4 33. Nd2 Rxg4 34. Ne4 Kf7 35. Qf3 Ke7 36. Nf6 Rg3 37. Nxd5+ exd5 38. Qxd5 Rag8 39. a8=Q Rxa8 40. Rxa8 Qg5 41. Qd8+ Ke6 42. Ra6+ 1-0

[Event "*** Titled Tuesday Blitz"]
[Site "Chess.com"]
[Date "2018.06.05"]
[Round "8"]
[White "chessking2151"]
[Black "The_Unbeatable_One"]
[Result "0-1"]
[WhiteElo "2451"]
[BlackElo "2678"]
[TimeControl "180+2"]
[EndTime "14:56:27 PDT"]
[Termination "The_Unbeatable_One won by resignation"]

1. d4 Nf6 2. c4 g6 3. Nf3 Bg7 4. g3 d6 5. Bg2 O-O 6. O-O Nbd7 7. Nc3 e5 8. Re1 Re8 9. e4 a5 10. dxe5 dxe5 11. b3 c6 12. Ba3 Bf8 13. Bxf8 Kxf8 14.
Qd6+ Qe7 15. Qd2 Nc5 16. Rad1 Bg4 17. Qe3 Rad8 18. h3 Bxf3 19. Bxf3 Kg7 20. Ne2 b6 21. Bg2 Qc7 22. Nc3 Ne6 23. Ne2 c5 24. Rd2 Nd4 25. Nxd4 cxd4 26. Qe2 Nd7 27. h4 Nc5 28. Red1 Qe7 29. Qg4 f6 30. h5 Qe6 31. Qh4 g5 32. h6+ Kg8 33. Qh5 Qf7 34. Qh1 Qg6 35. Bf3 g4 36.
Bg2 Qg5 37. Bf1 Kf7 38. Bd3 Rg8 39. a3 Rc8 40. Bc2 Rg6 41. b4 axb4 42. axb4 Na6 43. c5 Rxh6 44. Qg2 bxc5 45. Bb3+ c4 46. Rc2 Nxb4 47. Rxc4 Rxc4 48. Bxc4+ Kg7 49. Rb1 Qd2 50. Qf1 f5 51. Ra1 fxe4 52. Ra7+ Kf6 53. Qa1 e3 54. Ra6+ Nxa6 55. Qxa6+ Kg5 0-1

[Event "*** Titled Tuesday Blitz"]
[Site "Chess.com"]
[Date "2018.06.05"]
[Round "8"]
[White "Zufi1811"]
[Black "PowerThinking2650"]
[Result "1-0"]
[WhiteElo "2459"]
[BlackElo "2320"]
[TimeControl "180+2"]
[EndTime "14:56:29 PDT"]
[Termination "Zufi1811 won by resignation"]

1. g3 e5 2. Bg2 d5 3. d3 c5 4. Nd2 Nc6 5. Ngf3 Nf6 6. e4 d4 7. O-O Bd6 8. Nc4 Bc7 9. a4 Be6 10. b3 h6 11. Nh4 g6 12. f4 exf4 13. gxf4 Ng4 14. Nf3 Bxc4 15. bxc4 Ne3 16. Bxe3 dxe3 17. e5 g5 18. Ne1 e2 19. Qxe2 Qd4+ 20. Kh1 Qxa1 21.
Bxc6+ bxc6 22. Nf3 Qxa4 23. e6 f6 24. Qe4 O-O-O 25.
e7 Rde8 26. Rb1 Bb6 27. Qe6+ Kc7 28. Qxf6 Qxc2 29. Re1 Qf2 30. Qe5+ Kb7 31. Qe4 Rxe7 32. Qxe7+ Ka8 33. Qe4 Kb7 34. Ne5 Rc8 35. f5 g4 36.
Nxg4 Qh4 37. Qe7+ Rc7 38. Qxh4 1-0

[Event "*** Titled Tuesday Blitz"]
[Site "Chess.com"]
[Date "2018.06.05"]
[Round "8"]
[White "GMSrinath"]
[Black "Zhuu96"]
[Result "1/2-1/2"]
[WhiteElo "2684"]
[BlackElo "2911"]
[TimeControl "180+2"]
[EndTime "14:56:37 PDT"]
[Termination "Game drawn by agreement"]

1. e4 c5 2. Nf3 Nc6 3. Bb5 e6 4. O-O Nge7 5. d4 cxd4 6. Nxd4 a6 7. Be2 Nxd4 8. Qxd4 Nc6 9. Qe3 Be7 10. c4 O-O 11.
Nc3 Rb8 12. Rd1 b6 13. b3 Bf6 14. Bb2 b5 15. cxb5 axb5 16. Rac1 Qa5 17. Qd2 Bd4 18.
Nxb5 Bxb2 19. Qxb2 Rxb5 20. Bxb5 Qxb5 21. a4 Qb6 22.
Rb1 f5 23. exf5 Rxf5 24. b4 Rf4 25. b5 Ne7 26. Qa2 Nd5 27. a5 Qb8 28. g3 Rf8 29.
Rdc1 Bb7 30. a6 Ba8 31. b6 Nxb6 32. Qa5 Qd6 33. Qxb6 Qd5 34. Kf1 Qd3+ 35. Ke1 Bg2 36. f4 g5 37. Qc5 Qe4+ 38. Kd2 g4 39. Qg5+ Kf7 40. Qh5+ Ke7 41. Qg5+ Rf6 42. Qe5 Qa4 43. Qc5+ Kf7 44. Ra1 Qb3 45. a7 Rf5 46. Qc3 Qb5 47.
a8=Q Bxa8 48. Rxa8 Qd5+ 49. Qd3 Qxa8 50. Qxd7+ Kf6 51. Qd4+ Kg6 52. Rc5 Qg2+ 53. Kd3 Qxh2 54. Rxf5 Qxg3+ 55. Kc4 exf5 56. Qd6+ Kh5 57. Qe5 Kh4 58.
Qxf5 Qf3 59. Qxh7+ Kg3 60. f5 Qe4+ 61. Kc3 Kf4 62. Kd2 g3 63. Qh4+ Kf3 64. Qxe4+ Kxe4 65. f6 g2 66. f7 g1=Q 67. f8=Q 1/2-1/2

[Event "*** Titled Tuesday Blitz"]
[Site "Chess.com"]
[Date "2018.06.05"]
[Round "8"]
[White "Fins0905"]
[Black "bugsbunny444"]
[Result "1-0"]
[WhiteElo "2602"]
[BlackElo "2357"]
[TimeControl "180+2"]
[EndTime "14:56:37 PDT"]
[Termination "Fins0905 won on time"]

1. d4 e6 2. Nf3 c5 3. c3 d5 4.
Bf4 Nf6 5. e3 Nc6 6. Nbd2 Bd6 7.
Bg3 O-O 8. Bd3 Qe7 9. Ne5 Nd7 10. Nxd7 Qxd7 11. Bxd6 Qxd6 12. f4 cxd4 13. cxd4 Bd7 14.
a3 Ne7 15. O-O Qb6 16. Qb3 Rfc8 17. Qxb6 axb6 18. Kf2 Rc7 19. g4 Rac8 20. Ke2 Ba4 21. b3 Be8 22. a4 Nc6 23. Bb5 Nb4 24. Bxe8 Rxe8 25. Rac1 Rec8 26. Rxc7 Rxc7 27. f5 exf5 28. Rxf5 f6 29. e4 dxe4 30. Rb5 Nc6 31. Ke3 Rd7 32. d5 Ne5 33. Kxe4 Nxg4 34. Nc4 Nxh2 35. Nxb6 Re7+ 36. Kf4 g5+ 37. Kg3 Nf1+ 38. Kf2 Nd2 39.
Nc8 Ne4+ 40. Ke3 Re5 41. Kd4 g4 42. Rxb7 g3 43. Ne7+ 1-0

[Event "*** Titled Tuesday Blitz"]
[Site "Chess.com"]
[Date "2018.06.05"]
[Round "8"]
[White "BlackBoarder"]
[Black "1e41-0"]
[Result "0-1"]
[WhiteElo "2264"]
[BlackElo "2423"]
[TimeControl "180+2"]
[EndTime "14:56:40 PDT"]
[Termination "1e41-0 won on time"]

1. e4 c5 2. Nf3 e6 3. c3 Nf6 4. e5 Nd5 5. d4 cxd4 6. cxd4 d6 7. a3 Bd7 8. Bd3 Bc6 9. O-O Nd7 10. Qe2 Be7 11.
Bd2 O-O 12. Nc3 dxe5 13. dxe5 Nxc3 14. Bxc3 Rc8 15. Rfd1 Qc7 16. Rac1 Qb8 17. Re1 Rfd8 18.
Nd4 Bd5 19. Bb1 g6 20. Nf3 Bf8 21. h4 Rc4 22. Nd4 Bc5 23. Rcd1 h5 24. g3 Qc7 25.
Kh2 a6 26. Ba2 Rxc3 27. bxc3 Bxa2 28. Qxa2 Nxe5 29. Qe2 Ng4+ 30. Kg2 e5 31. Nf3 Re8 32. Rf1 e4 33. Ng5 Qc6 34. Kg1 Qc7 35. Kg2 Qc6 36.
Kg1 Qf6 37. Rd2 e3 38. fxe3 Bxe3+ 39. Kg2 Qc6+ 40. Rf3 Bxd2 41. Qxd2 Re3 42. Qd8+ Kg7 43. Qd4+ f6 0-1

[Event "*** Titled Tuesday Blitz"]
[Site "Chess.com"]
[Date "2018.06.05"]
[Round "8"]
[White "francogreek"]
[Black "BasilSmash"]
[Result "0-1"]
[WhiteElo "2263"]
[BlackElo "2413"]
[TimeControl "180+2"]
[EndTime "14:56:44 PDT"]
[Termination "BasilSmash won by resignation"]

1. Nf3 d5 2. g3 Bg4 3. Bg2 Nd7 4.
h3 Bh5 5. d4 Ngf6 6. O-O e6 7.
c4 c6 8. Nc3 Be7 9. cxd5 exd5 10. Bf4 O-O 11. g4 Bg6 12. Nh4 Be4 13. Nxe4 dxe4 14.
Nf5 Nd5 15. Bh2 N7f6 16. e3 h6 17. Qc2 Re8 18. Bxe4 Nxe4 19. Qxe4 Bf8 20. Qf3 g6 21. Ng3 Qb6 22. b3 a5 23. Ne4 a4 24. bxa4 Rxa4 25. Be5 Be7 26. Rfb1 Rb4 27. Rxb4 Qxb4 28. Rd1 Ra8 29.
Nc5 Rxa2 30. e4 Nc3 31. Rf1 Ne2+ 32. Kg2 Nxd4 33. Bxd4 Qxd4 34. Nxb7 Qb4 35. e5 Qxb7 36. e6 fxe6 37. Qe4 Kf7 38. Re1 Qd7 39. Qf4+ Bf6 40.
h4 Qd5+ 41. Kg1 Qd4 42. Qc7+ Be7 43. Qg3 Bd6 44. Qf3+ Qf4 45. Qg2 Bc5 46. Rf1 Rxf2 47.
Rxf2 Qxf2+ 0-1

[Event "*** Titled Tuesday Blitz"]
[Site "Chess.com"]
[Date "2018.06.05"]
[Round "8"]
[White "Next_Touch"]
[Black "GianmarcoVaR"]
[Result "1-0"]
[WhiteElo "2700"]
[BlackElo "2521"]
[TimeControl "180+2"]
[EndTime "14:56:45 PDT"]
[Termination "Next_Touch won by checkmate"]

1. d4 Nf6 2. c4 e6 3. Nf3 b6 4. g3 Bb4+ 5. Bd2 a5 6. Bg2 Ba6 7. Qc2 Bb7 8. O-O O-O 9. Bg5 Be4 10. Bxf6 Bxc2 11. Bxd8 Rxd8 12. Ne1 Bxe1 13. Bxa8 Bb4 14. Bf3 Bg6 15. a3 Be7 16. Nc3 Na6 17. e4 c5 18. d5 Bf6 19. Rad1 Bd4 20. Rfe1 e5 21. Re2 d6 22. Nb5 Kf8 23. h4 f6 24. Nxd4 exd4 25. Bg4 Re8 26. Rde1 Nc7 27. h5 Bf7 28. f4 b5 29. cxb5 Nxb5 30. Bd7 Rb8 31. Bxb5 Rxb5 32. e5 c4 33. exd6 Rxd5 34. Re7 Rxd6 35. Rc7 d3 36. Rc8+ Rd8 37. Rxd8+ Be8 38. Rexe8+ Kf7 39. Re4 g6 40.
hxg6+ Kxg6 41. Rxc4 Kf5 42. Rxd3 Kg4 43. Kg2 f5 44. Rc6 Kh5 45. Rd1 a4 46. Rh1+ Kg4 47. Rh4# 1-0

[Event "*** Titled Tuesday Blitz"]
[Site "Chess.com"]
[Date "2018.06.05"]
[Round "8"]
[White "Matibar"]
[Black "Beca95"]
[Result "1-0"]
[WhiteElo "2774"]
[BlackElo "2768"]
[TimeControl "180+2"]
[EndTime "14:56:47 PDT"]
[Termination "Matibar won by resignation"]

1. e4 c6 2. Nf3 d5 3. Nc3 dxe4 4. Nxe4 Nf6 5. Qe2 Nxe4 6. Qxe4 Nd7 7. d4 Nf6 8. Qd3 g6 9. Be2 Bg7 10. O-O O-O 11. h3 Bf5 12. Qb3 Qc7 13. c4 Rad8 14. Be3 h6 15. Rfd1 g5 16. Ne5 Nd7 17. Nxd7 Rxd7 18. Rac1 Rfd8 19. d5 c5 20. Bd3 Bxd3 21. Rxd3 e6 22. Rcd1 exd5 23. Rxd5 Rxd5 24. cxd5 b6 25.
Rd2 Qd6 26. Qd3 Re8 27. Qf5 Re5 28. Qc8+ Kh7 29. Qc6 Bf8 30. Qb7 Re7 31. Qc8 Kg8 32. h4 Re5 33. hxg5 hxg5 34. Qc6 Kg7 35. b4 Rxe3 36.
fxe3 Qg3 37. Rf2 Bd6 38. Qd7 Qh2+ 39. Kf1 Qh1+ 40. Ke2 Qh5+ 41. Kd2 Qg6 42. bxc5 Bxc5 43. Qf5 Qh5 44. g4 Qg6 45. Qxg6+ Kxg6 46. Kd3 f6 47. Rh2 a6 48. e4 Kf7 49. Rh7+ Ke8 50. Ra7 a5 51. Kc4 Be3 52. Kb5 Kd8 53. Kc6 1-0

[Event "*** Titled Tuesday Blitz"]
[Site "Chess.com"]
[Date "2018.06.05"]
[Round "8"]
[White "Amirreza_p"]
[Black "Shant_Sargsyan"]
[Result "1-0"]
[WhiteElo "2718"]
[BlackElo "2882"]
[TimeControl "180+2"]
[EndTime "14:56:47 PDT"]
[Termination "Amirreza_p won by resignation"]

1. e4 e5 2. Nf3 Nc6 3. Bc4 Bc5 4. O-O Nf6 5. d3 O-O 6. Re1 h6 7. h3 d6 8. c3 a5 9. Nbd2 Re8 10. Nf1 Be6 11.
Bb5 Bd7 12. Ng3 Ba7 13. Ba4 Ne7 14. Bc2 Ng6 15. d4 a4 16. Be3 exd4 17. cxd4 b5 18.
Qd2 Bc6 19. Bxh6 gxh6 20. Qxh6 Qe7 21. e5 Qf8 22. Qxf8+ Nxf8 23. exf6 Bxf3 24. gxf3 Bxd4 25. Nh5 Bxb2 26. Rab1 a3 27. Kh1 Rxe1+ 28. Rxe1 Ng6 29. Rg1 b4 30. f4 Kf8 31. f5 Ne5 32. Rg7 Rc8 33. Bb3 c5 34. Bd5 b3 35. Bxb3 c4 36. Bc2 d5 37. Rh7 Ke8 38. Ba4+ Kd8 39. Ng7 d4 40.
Ne6+ fxe6 41. fxe6 d3 42. e7+ Kc7 43. e8=Q+ Kb8 44.
Qb5+ 1-0

[Event "*** Titled Tuesday Blitz"]
[Site "Chess.com"]
[Date "2018.06.05"]
[Round "8"]
[White "KRASAVCHIK2002"]
[Black "fyall777"]
[Result "0-1"]
[WhiteElo "2231"]
[BlackElo "2324"]
[TimeControl "180+2"]
[EndTime "14:56:49 PDT"]
[Termination "fyall777 won by resignation"]

1. e4 e5 2. Nf3 Qe7 3. Nc3 Nf6 4. Bc4 h6 5. d3 c6 6. O-O g6 7. d4 d6 8. h3 Bg7 9. dxe5 dxe5 10. Qe2 O-O 11. a4 Nbd7 12. b3 Re8 13. Ba3 Nc5 14. a5 Nfd7 15. Na4 Bf8 16. Qe3 Rb8 17. Rfd1 b6 18.
axb6 axb6 19. Nxc5 Nxc5 20. b4 Nd7 21. b5 c5 22. Bb2 Bg7 23. Ra7 Rb7 24. Ra8 Nf8 25. Qb3 Rd7 26. Bd5 Bb7 27. Rxe8 Qxe8 28. g3 Nh7 29. Kg2 Ng5 30. Qc4 Nxf3 31. Kxf3 Kh7 32. Kg2 f5 33. Rd3 fxe4 34. Bxe4 Rxd3 35. Qxd3 Bxe4+ 36. Qxe4 Qxb5 37. Bxe5 Qe8 38. f4 Bxe5 39. fxe5 Qe6 40. h4 h5 41. Qf4 b5 42. Qf6 Qxf6 43.
exf6 b4 44. Kf3 c4 45. Ke4 b3 46. cxb3 cxb3 47. Kd3 Kg8 48. Kc3 Kf7 49. Kxb3 Kxf6 50. Kc3 Kf5 51. Kd3 Kg4 52. Ke4 Kxg3 0-1

[Event "*** Titled Tuesday Blitz"]
[Site "Chess.com"]
[Date "2018.06.05"]
[Round "8"]
[White "NikolaGry"]
[Black "dalmatinac101"]
[Result "0-1"]
[WhiteElo "2600"]
[BlackElo "2719"]
[TimeControl "180+2"]
[EndTime "14:56:50 PDT"]
[Termination "dalmatinac101 won by resignation"]

1. b3 e5 2. Bb2 Nc6 3. c4 Nf6 4. e3 d5 5. cxd5 Nxd5 6. a3 Qg5 7. Nf3 Qg6 8. Nxe5 Nxe5 9. Bxe5 Bf5 10. Nc3 Nxc3 11.
Bxc3 O-O-O 12. Qf3 Bd6 13. h3 h5 14. b4 Kb8 15.
O-O-O Qe6 16. Kb2 a5 17. d4 Be4 18. Qe2 a4 19. Qc4 Bd5 20. Qb5 Bc6 21. d5 Bxb5 22.
dxe6 Bxf1 23. Rhxf1 fxe6 24. b5 h4 25. Rd4 Rh5 26.
Rxa4 Rxb5+ 27. Kc2 g5 28. f3 Bc5 29. Re1 Rd6 30. Re2 Rc6 31. Rc4 Ra6 32. a4 Rba5 33. Bxa5 Rxa5 34. e4 e5 35. Rd2 Bd6 36. Rd5 Ra6 37.
Rb5 Kc8 38. a5 c6 39. Kd3 Bc7 40. Rb2 Rxa5 41. Rcb4 b5 42. Rc2 Kb7 43. Rb3 Bd6 44. Rbc3 Ra6 45. Rb3 Kb6 46. Rcb2 Ra4 47. Ke3 Bc5+ 48.
Ke2 Bd4 49. Rb1 Ra2+ 50. Kd3 Rxg2 51. Ra3 Rf2 52. Ra8 Rxf3+ 53. Ke2 Rxh3 54. Rf1 Re3+ 55. Kd2 Rxe4 56. Rf6 Rf4 57. Rh6 e4 58. Rc8 Rf6 59.
Rh7 e3+ 60. Kd1 Rf2 61. Re7 h3 62.
Rb8+ Kc5 63. Rc8 h2 0-1

[Event "*** Titled Tuesday Blitz"]
[Site "Chess.com"]
[Date "2018.06.05"]
[Round "8"]
[White "murmah2003"]
[Black "GMNeiksans"]
[Result "1/2-1/2"]
[WhiteElo "2500"]
[BlackElo "2746"]
[TimeControl "180+2"]
[EndTime "14:56:51 PDT"]
[Termination "Game drawn by repetition"]

1. Nf3 Nf6 2. c4 b6 3. g3 Bb7 4. Bg2 g6 5. d4 Bg7 6. Nc3 Ne4 7. Bd2 O-O 8. Qc2 Nxd2 9. Qxd2 e6 10. O-O d6 11. e3 Nd7 12. Ne1 Bxg2 13. Kxg2 c6 14. Nf3 a6 15. Rac1 d5 16. cxd5 cxd5 17. Na4 Qb8 18.
Rc6 Rc8 19. Rfc1 Rxc6 20. Rxc6 b5 21. Nc5 Nxc5 22. Rxc5 Bf8 23. Rc6 Bd6 24. Qc2 Qd8 25. Ne1 Kg7 26. Nd3 Ra7 27. Nc5 a5 28. Qd3 Bxc5 29. dxc5 b4 30. Rd6 Qf6 31. c6 Rc7 32. Qb5 Qxb2 33. Qb8 Qe5 34. Qxc7 Qe4+ 35. Kg1 Qb1+ 36.
Kg2 Qe4+ 37. Kf1 Qd3+ 38. Kg2 Qe4+ 39. f3 Qc2+ 40. Kh3 Qf5+ 41. Kg2 Qc2+ 42. Kg1 Qd1+ 43. Kf2 Qd2+ 44. Kg1 Qd1+ 45. Kg2 Qc2+ 1/2-1/2